 Dungeon Crawl Stone Soup version 0.31-a0-851-g7ff8af7976 (webtiles) character file.

Game seed: 6217595240370269834

6277 Nattfarinn the Cleaver (level 11, -8/75 HPs)
             Began as a Formicid Shapeshifter on Oct 5, 2023.
             Was a Priest of Hepliaklqana.
             Mangled by a rakshasa
             ... wielding a +0 long sword
              (22 damage)
             ... on level 10 of the Dungeon.
             The game lasted 00:24:01 (9904 turns).

Nattfarinn the Cleaver (Formicid Shapeshifter)      Turns: 9904, Time: 00:24:02

Health: -8/75      AC:  8    Str: 23    XL:     11   Next: 15%
Magic:  26/26      EV: 10    Int: 10    God:    Hepliaklqana [***...]
Gold:   100        SH:  5    Dex: 13    Spells: 10/10 levels left

rFire   . . .        b - +7 hand axe "Xunnue Yvoca" {holy, Will+ rCorr}
rCold   . . .        P - +0 buckler
rNeg    . . .        g - +0 scale mail
rPois   +            (helmet unavailable)
rElec   .            (cloak currently unavailable)
rCorr   +            (gloves currently unavailable)
SInv    +            (boots currently unavailable)
Will    ++...        p
                       - Hermit's Pendant {Faith Invo=14 Evo=0 MP+5} Stlth
                     E - ring of wizardry
HPRegen 0.32/turn    S - ring of Deedumm {Wiz rPois}
MPRegen 0.20/turn

%: faith, wizardry (x2)
@: beast-form
A: beast (slay +1), reduced essence, permanent stasis, dig shafts and tunnels,
antennae 3, four strong arms, talons 1, iridescent scales 1
a: Dig, Shaft Self, Begin Untransformation, Renounce Religion, Recall Ancestor,
Ancestor Identity, Transference


You were on level 10 of the Dungeon.
You worshipped Hepliaklqana.
Hepliaklqana was most pleased with you.
You were a hulking beast.
You visited 2 branches of the dungeon, and saw 11 of its levels.
You also visited: Ossuary.

You collected 553 gold pieces.
You spent 453 gold pieces at shops.

Inventory:

Hand Weapons
 b - the +7 hand axe "Xunnue Yvoca" (weapon) {holy, Will+ rCorr}
   (You found it on level 4 of the Dungeon)

   Will+:     It increases your willpower.
   rCorr:     It protects you from acid and corrosion.
 f - a +0 spear
 q - a +1 short sword of draining
 I - a +4 trident of draining
 O - a +4 battleaxe
Missiles
 J - 2 throwing nets
Armour
 a - a +0 animal skin
 g - a +0 scale mail (worn)
 l - an orb of energy
 P - a +0 buckler (worn)
Magical Staves
 z - a staff of poison
Jewellery
 p - the Hermit's Pendant (around neck) {Faith Invo=14 Evo=0 MP+5}
   (You found it on level 2 of the Dungeon)

   [amulet of faith]

   Invo=14: It sets your Invocations skill to 14.
   Evo=0: It sets your Evocations skill to 0.
   Faith:     It allows you to gain divine favour quickly.
   MP+5:      It affects your magic capacity (+5).
 y - a ring of fire
 E - a ring of wizardry (left hand)
 L - a ring of willpower
 M - a ring of ice
 N - a ring of wizardry
 Q - a +5 ring of evasion
 S - the ring of Deedumm (right hand) {Wiz rPois}
   (You bought it in a shop on level 9 of the Dungeon)

   [ring of wizardry]

   Wiz:       It improves your spell success rate.
   rPois:     It protects you from poison
Talismans
 c - a beast talisman (active)
 d - a flux talisman
Wands
 h - a wand of mindburst (10)
 D - a wand of roots (5)
 K - a wand of flame (10)
Scrolls
 i - 4 scrolls of amnesia
 j - a scroll of butterflies {unknown}
 m - a scroll of vulnerability
 n - a scroll of enchant armour {unknown}
 o - a scroll of torment {unknown}
 r - a scroll of silence
 t - 2 scrolls of blinking
 u - 5 scrolls of poison
 v - 3 scrolls of fear
 x - a scroll of revelation {unknown}
 G - a scroll of fog {unknown}
Potions
 e - a potion of lignification
 k - 2 potions of mutation
 s - a potion of cancellation {unknown}
 w - 3 potions of brilliance
 B - a potion of enlightenment {unknown}
 C - 3 potions of heal wounds {unknown}
 F - a potion of invisibility {unknown}
 H - 3 potions of attraction {unknown}
 R - 2 potions of degeneration {unknown}


   Skills:
 - Level 7.5 Fighting
 - Level 14.0 Axes
 - Level 1.7 Dodging
 + Level 4.7 Shields
 - Level 3.0 Unarmed Combat
 - Level 3.2 Shapeshifting


You had 10 spell levels left.
You didn't know any spells.
Your spell library contained the following spells:

 Spells                   Type           Power      Damage    Failure   Level
 Freeze                   Ice            0%         1d3       30%         1
 Kiss of Death            Conj/Necr      0%         2d5       30%         1
 Sandblast                Erth           0%         2d4       30%         1
 Passwall                 Tmut/Erth      0%         N/A       41%         2
 Wereblood                Tmut           0%         N/A       41%         2
 Confusing Touch          Hex            0%         N/A       63%         3
 Frozen Ramparts          Ice            0%         1d1       63%         3
 Hailstorm                Conj/Ice       0%         3d3       63%         3
 Stone Arrow              Conj/Erth      0%         3d7       63%         3
 Brom's Barrelling Bould  Conj/Erth      0%         2d3       94%         4
 Dispel Undead            Necr           0%         3d6       94%         4
 Leda's Liquefaction      Hex/Erth       0%         N/A       94%         4
 Irradiate                Conj/Tmut      0%         3d11      99%         5
 Lee's Rapid Deconstruct  Erth           0%         3d4*      99%         5
 Bombard                  Conj/Erth      0%         9d1       100%        6


Dungeon Overview and Level Annotations

Branches:
Dungeon (10/15)            Temple (1/1) D:6            Lair (0/5) D:8
Ossuary (visited)
    Orc: D:9-12

Altars:
Ashenzari
Cheibriados
Dithmenos
Elyvilon
Fedhas
Gozag
Hepliaklqana
Kikubaaqudgha
Makhleb
Nemelex Xobeh
Okawaru
Qazlal
Ru
Sif Muna
Trog
Uskayaw
Vehumet
Wu Jian
Xom
Yredelemnul
Zin
The Shining One

Shops:
D:9 =


Innate Abilities, Weirdness & Mutations

You are a hulking beast.
Your limbs bulge with bestial killing power. (Slay +1)
Your life essence is reduced to manifest your ancestor. (-10% HP)
You cannot be hasted, slowed, berserked, paralysed or teleported.
You can dig through walls and to a lower floor.
You have a pair of large antennae on your head. (SInv)
Your four strong arms can wield two-handed weapons with a shield.
You have sharp toenails.
You are partially covered in iridescent scales. (AC +2)


Message History

Gang up on whom?
Press: ? - help, Dir - move target, f - deep elf pyromancer
Aim: a deep elf pyromancer, wielding a +0 short sword (moderately wounded) Attack!
Ankhesenamen hits the deep elf pyromancer with a +0 flail!
Ankhesenamen blocks the deep elf pyromancer's attack.
The deep elf pyromancer hits Ankhesenamen with a +0 short sword.
Ankhesenamen hits the deep elf pyromancer with a +0 flail!
The deep elf pyromancer gestures at Ankhesenamen while chanting.
The bolt of fire hits Ankhesenamen!
Ankhesenamen resists.
The bolt of fire hits you!!
* * * LOW HITPOINT WARNING * * *
You feel better.
Ankhesenamen hits the deep elf pyromancer with a +0 flail!!
The deep elf pyromancer dies!
Your Shields skill gained 2 levels and is now at level 4!
Ankhesenamen closely misses the rakshasa.
Unknown command.
You closely miss the deep elf pyromancer.
Your kick misses the deep elf pyromancer.
You block the deep elf pyromancer's attack.
The rakshasa hits Ankhesenamen but does no damage.
Okay, then.
You barely miss the deep elf pyromancer.
Ankhesenamen barely misses the rakshasa.
You hit the deep elf pyromancer. You claw the deep elf pyromancer.
The deep elf pyromancer is heavily wounded.
You block the deep elf pyromancer's attack.
Ankhesenamen blocks the rakshasa's attack.
You barely miss the deep elf pyromancer.
The deep elf pyromancer is heavily wounded.
You slash the deep elf pyromancer!
You kill the deep elf pyromancer!
The deep elf pyromancer's corpse shimmers and vanishes!
Ankhesenamen barely misses the rakshasa.
You closely miss the rakshasa. You claw the rakshasa.
The rakshasa is heavily wounded.
The rakshasa hits you with a +0 long sword!!
You die...

## ### # #..
..#.## ..#
##?.#..# #.
#....#.#..## #.?
..#.#.$...
#...#.#..#...
#.#.#....#.#
#.#..####Rh#
##.#.....)R.#
#..####..####..
#...............
#..#......[.....
##........######
###......#
#......# {
#...e..###


You could see the friendly Ankhesenamen the knight and a rakshasa (ally target).

Vanquished Creatures
  Jeremiah (D:6)
  A hornet (D:9)
  A wyvern (D:9)
  A wraith (Ossuary)
  A steam dragon (D:9)
  Eustachio (D:4)
  2 ice beasts
  4 orc warriors
  A sky beast (D:7)
  2 black bears (D:8)
  2 ogres (D:5)
  A centaur (D:8)
  5 phantoms
  A kobold brigand (D:7)
  3 bullfrogs
  A scorpion (D:8)
  18 killer bees
  An electric eel (D:9)
  A howler monkey (D:8)
  A jelly (D:5)
  2 hounds
  8 orc priests
  Terence (D:2)
  3 iguanas (D:4)
  6 sleepcaps
  4 orc wizards
  2 mummies
  2 adders
  A shadow imp (D:4)
  3 white imps
  3 worms (D:4)
  3 dart slugs
  16 orcs
  6 bats
  7 endoplasms
  4 giant cockroaches
  3 goblins
  12 hobgoblins
  4 jackals (D:4)
  7 quokkas
  9 ball pythons
  3 frilled lizards
  5 gnoll skeletons (Ossuary)
  A hobgoblin zombie (D:5)
  12 kobolds
  8 kobold skeletons (Ossuary)
  A kobold zombie (D:5)
  12 orc skeletons (Ossuary)
  5 rats
202 creatures vanquished.

Vanquished Creatures (collateral kills)
  A deep elf pyromancer (D:10)
  A queen bee (D:8)
  A shadow (D:9)
  A steam dragon (D:9)
  A centaur (D:9)
  A bullfrog (D:9)
  5 wights (D:9)
  7 killer bees
  2 electric eels (D:9)
  An orc priest (D:8)
  3 orcs
  A kobold (D:7)
25 creatures vanquished.

Vanquished Creatures (others)
  An ancestor (D:8)
1 creature vanquished.

Grand Total: 228 creatures vanquished

Notes
Turn   | Place    | Note
-------+----------+-------------------------------------------
     0 | D:1      | Nattfarinn the Formicid Shapeshifter began the quest for
                  | the Orb.
     0 | D:1      | Reached XP level 1. HP: 15/15 MP: 1/1
   184 | D:1      | Reached XP level 2. HP: 22/22 MP: 2/2
   336 | D:1      | Reached XP level 3. HP: 29/29 MP: 3/3
   869 | D:2      | Found a glowing golden altar of the Shining One.
  1009 | D:2      | Reached XP level 4. HP: 35/37 MP: 4/4
  1123 | D:2      | Found the Hermit's Pendant {Faith Invo=14 Evo=0 MP+5}
  1228 | D:2      | Noticed Terence
  1250 | D:2      | Killed Terence
  1327 | D:2      | Found a faded altar of an unknown god.
  1637 | D:3      | Reached XP level 5. HP: 42/43 MP: 14/14
  1991 | D:3      | Reached skill level 5 in Fighting
  2387 | D:4      | Reached XP level 6. HP: 40/52 MP: 16/16
  2544 | D:4      | Noticed Eustachio
  2595 | D:4      | Gained mutation: You are partially covered in iridescent
                  | scales. (AC +2) [potion of mutation]
  2595 | D:4      | Gained mutation: You have sharp toenails. [potion of
                  | mutation]
  2668 | D:4      | Killed Eustachio
  2685 | D:4      | Reached XP level 7. HP: 25/60 MP: 17/17
  2825 | D:4      | Identified the +7 hand axe "Xunnue Yvoca" {holy, Will+
                  | rCorr}
  3601 | D:5      | Entered Level 5 of the Dungeon
  3614 | D:5      | Reached skill level 2 in Axes
  3627 | D:5      | Found a sand-covered staircase.
  3633 | Ossuary  | Entered an ossuary
  3633 | Ossuary  | Noticed a wraith
  3633 | Ossuary  | Noticed a wraith
  3633 | Ossuary  | Noticed a wraith
  3682 | Ossuary  | Reached skill level 3 in Axes
  3755 | Ossuary  | Noticed a wraith
  3772 | Ossuary  | Killed a wraith
  3773 | Ossuary  | Reached skill level 4 in Axes
  3773 | Ossuary  | Reached XP level 8. HP: 42/67 MP: 18/18
  4056 | D:5      | Reached skill level 5 in Axes
  4111 | D:5      | Reached skill level 6 in Axes
  4239 | D:5      | Reached skill level 7 in Axes
  4581 | D:6      | Noticed Jeremiah
  4701 | D:6      | Reached XP level 9. HP: 72/72 MP: 19/19
  4777 | D:6      | Found a staircase to the Ecumenical Temple.
  4787 | Temple   | Entered the Ecumenical Temple
  4792 | Temple   | Became a worshipper of Hepliaklqana the Forgotten
  4836 | D:6      | Reached skill level 8 in Axes
  4876 | D:6      | Killed Jeremiah
  4877 | D:6      | Reached skill level 9 in Axes
  5311 | D:6      | Found an ornate altar of the Wu Jian Council.
  5311 | D:6      | Found a faded altar of an unknown god.
  5318 | D:6      | Found an opulent altar of Gozag.
  5320 | D:6      | Found a faded altar of an unknown god.
  5322 | D:6      | Found a shimmering altar of Xom.
  5491 | D:7      | Reached * piety under Hepliaklqana
  6341 | D:8      | Reached skill level 10 in Axes
  6378 | D:8      | Found a staircase to the Lair.
  6511 | D:8      | Reached skill level 11 in Axes
  6511 | D:8      | Reached XP level 10. HP: 41/71 MP: 20/20
  6734 | D:8      | Reached ** piety under Hepliaklqana
  6735 | D:8      | Remembered your ancestor Ankhesenamen as a knight
  7641 | D:8      | Reached skill level 12 in Axes
  8462 | D:9      | Reached skill level 13 in Axes
  9165 | D:9      | Found Yjuklu's Jewellery Boutique.
  9170 | D:9      | Bought the ring of Deedumm {Wiz rPois} for 453 gold pieces
  9288 | D:9      | Reached XP level 11. HP: 43/75 MP: 21/21
  9601 | D:9      | Reached *** piety under Hepliaklqana
  9707 | D:9      | Reached skill level 14 in Axes
  9710 | D:9      | Reached skill level 1 in Shields
  9786 | D:10     | Entered Level 10 of the Dungeon
  9868 | D:10     | Noticed a deep elf pyromancer
  9868 | D:10     | Noticed a rakshasa
  9897 | D:10     | Killed a deep elf pyromancer
  9904 | D:10     | Mangled by a rakshasa

Illustrated notes

Levels and vault maps discovered:
D:1:      tarquinn_simple_flora_water_a, layout_loops_ring, minmay_tripent
D:2:      layout_basic, basic_altar, shapermc_ecumenical_altar_flowoftime,
          uniq_terence
D:3:      wander_river, layout_rooms, minmay_cupped
D:4:      layout_basic, cheibrodos_sewer_entry_bend, kennysheep_generic_room_14,
          uniq_eustachio
D:5:      layout_cave_pools, nicolae_ossuary_entry_giza
D:6:      layout_cave_pools, chequers_temple_overflow_minitemple,
          minmay_temple_entry_junction_2, uniq_jeremiah
D:7:      layout_basic
D:8:      layout_basic, grunt_lair_entry_orc_guard_hut, interstate_on_off,
          nicolae_looking_at_the_future
D:9:      layout_basic, serial_shops,
          nicolae_shop_temple_entry_statues_fountains
D:10:     layout_small_grid, hiddenorc2_lemuel, minivault_20,
          grunt_ministairs_9, due_unseen_surprise
Temple:   compressed_dpeg_triangle_lava_temple

Skill      XL: |  1  2  3  4  5  6  7  8  9 10 11 |
---------------+----------------------------------+-----
Fighting       | 2 3 4 6 7 |  7.5
Axes           | 4 7 11 13 14 | 14.0
Shields        | 4 |  4.7
Dodging        | |  1.7
Unarmed Combat | |  3.0
Shapeshifting  | |  3.2

Action                     |  1- 3 |  4- 6 |  7- 9 | 10-12 || total
---------------------------+-------+-------+-------+-------++-------
  Melee: Spear             |   119 |    72 |       |       ||   191
         Punch             |     5 |    10 |     3 |       ||    18
         Short sword       |       |   163 |     6 |       ||   169
         Kick              |       |     7 |    54 |    42 ||   103
         Hand axe          |       |       |   181 |   146 ||   327
  Throw: Throwing net      |       |       |     2 |       ||     2
 Invoke: Recall Ancestor   |       |       |       |     1 ||     1
         Ancestor Life: Kn |       |       |       |     1 ||     1
  Evoke: Wand              |       |       |     5 |       ||     5
    Use: Potion            |       |     6 |     1 |     1 ||     8
         Scroll            |       |       |     4 |     4 ||     8
   Stab: Distracted        |       |       |     1 |       ||     1
 Armour: Scale mail        |    65 |   183 |   104 |   118 ||   470
         Skin              |       |    37 |       |       ||    37
  Dodge: Dodged            |    60 |   143 |    72 |    78 ||   353
  Block: Buckler           |       |       |       |    20 ||    20

Table legend: (Time is in decaauts)
 A = Elapsed time spent in this place.
 B = Non-inter-level travel time spent in this place.
 C = Inter-level travel time spent in this place.
 D = Time resting spent in this place.
 E = Time spent auto-exploring this place.
 F = Levels seen in this place.
 G = Mean time per level.
                   A        B        C        D        E       F      G
               +--------+--------+--------+--------+--------+-----+--------+
         Total |   9917 |   9329 |    588 |    757 |   6849 |  12 |  826.4 |
       Dungeon |   9572 |   8989 |    583 |    724 |   6638 |  10 |  957.2 |
        Temple |     10 |      5 |      5 |      0 |      0 |   1 |   10.0 |
       Ossuary |    334 |    334 |      0 |     33 |    211 |   1 |  334.0 |
               +--------+--------+--------+--------+--------+-----+--------+

Top non-repeatable levels by time:
     D:9: 1598 daAuts
     D:4: 1595 daAuts
     D:8: 1491 daAuts
     D:7: 1299 daAuts
     D:1: 843 daAuts
     D:6: 770 daAuts
     D:2: 764 daAuts
     D:5: 672 daAuts
     D:3: 425 daAuts
 Ossuary: 334 daAuts
    D:10: 110 daAuts
  Temple: 10 daAuts
